 Dungeon Crawl Stone Soup version 0.30.1-4-g462c640d31 (webtiles) character file.

Game seed: 11248107258797274509

2321 HagarQim the Conjurer (level 9, -6/55 (59) HPs)
             Began as an Octopode Conjurer on Sept 6, 2023.
             Was an Initiate of the Shining One.
             Mangled by a cyclops (33 damage)
             ... on level 7 of the Dungeon.
             The game lasted 00:29:01 (8473 turns).

HagarQim the Conjurer (Octopode Conjurer)           Turns: 8473, Time: 00:29:01

HP:   -6/55 (59)    AC:  3    Str:  6    XL:     9   Next: 42%
MP:   10/17         EV: 29    Int: 23    God:    the Shining One [......]
Gold: 326           SH:  0    Dex: 12    Spells: 11/18 levels left

rFire   . . .        v - +4 falchion (freeze)
rCold   . . .        (no shield)
rNeg    . . .        s - +2 hat
rPois   .            w - amulet of the acrobat
rElec   .            o - ring of flight
rCorr   .            (no ring)
SInv    .            (no ring)
Will    .....        (no ring)
Stlth   ++           (no ring)
HPRegen 0.29/turn    (no ring)
MPRegen 0.15/turn    (no ring)
                     (no ring)

%: acrobat
@: acrobatic, flying, glowing, drained
A: almost no armour, amphibious, 8 rings, camouflage 1, gelatinous body 1,
(nimble swimmer 1), tentacles
a: Renounce Religion


You were on level 7 of the Dungeon.
You worshipped the Shining One.
The Shining One was noncommittal.
You visited 2 branches of the dungeon, and saw 8 of its levels.
You also visited: Sewer.

You collected 326 gold pieces.

Inventory:

Hand Weapons
 e - a +0 whip
 f - a +0 dagger
 g - a +0 trident
 m - a +3 whip
 v - a +4 falchion of freezing (weapon)
Missiles
 l - 18 poisoned darts
 z - 2 curare-tipped darts
Armour
 s - a +2 hat (worn)
Jewellery
 o - a ring of flight (left tentacle)
 w - an amulet of the acrobat (around mantle)
Wands
 t - a wand of digging (4)
 A - a wand of light (5)
 B - a wand of flame (20)
Scrolls
 b - a scroll of torment
 n - 3 scrolls of teleportation
 r - a scroll of fear
 x - a scroll of amnesia
Potions
 a - a potion of magic
 c - 3 potions of heal wounds
 d - a potion of lignification
 h - a potion of curing
 i - a potion of berserk rage
 j - a potion of resistance {unknown}
 k - a potion of invisibility {unknown}
 p - a potion of haste
 q - 2 potions of might
 u - 2 potions of brilliance {unknown}
 C - a potion of ambrosia {unknown}


   Skills:
 * Level 4.4 Fighting
 + Level 1.3(1.8) Short Blades
 + Level 1.7(2.0) Long Blades
 + Level 2.2 Maces & Flails
 + Level 0.1 Polearms
 + Level 0.3 Throwing
 + Level 3.6 Dodging
 + Level 6.5 Stealth
 + Level 5.3 Spellcasting
 + Level 7.2 Conjurations
 + Level 2.1 Translocations
 + Level 2.0 Transmutations
 * Level 2.7 Ice Magic


You had 11 spell levels left.
You knew the following spells:

 Your Spells              Type           Power      Damage    Failure   Level
a - Magic Dart            Conj           100%       1d8       1%          1
b - Searing Ray           Conj           78%        2d7       1%          2
c - Iskenderun's Mystic   Conj/Tloc      27%        2d7       13%         4

Your spell library contained the following spells:

 Spells                   Type           Power      Damage    Failure   Level
 Dazzling Flash           Conj/Hex       44%        N/A       6%          3
 Frozen Ramparts          Ice            36%        1d6       9%          3
 Fulminant Prism          Conj/Hex       11%        3d8       21%         4
 Ice Form                 Ice/Tmut       17%        N/A       34%         4
 Summon Ice Beast         Ice/Summ       12%        N/A       45%         4
 Conjure Ball Lightning   Conj/Air       11%        3x3d6     97%         6
 Discord                  Hex            3%         N/A       100%        8
 Disjunction              Tloc           7%         N/A       100%        8


Dungeon Overview and Level Annotations

Branches:
Dungeon (7/15)             Temple (1/1) D:7           Sewer (visited)

Altars:
Ashenzari
Cheibriados
Dithmenos
Fedhas
Hepliaklqana
Kikubaaqudgha
Makhleb
Nemelex Xobeh
Okawaru
Qazlal
Ru
Sif Muna
Trog
Vehumet
Wu Jian
Xom
Yredelemnul
Zin
The Shining One

Annotations:
D:5 1 runed translucent door, Crazy Yiuf


Innate Abilities, Weirdness & Mutations

You cannot wear most types of armour.
You are amphibious.
You can wear up to eight rings at the same time.
Your skin changes colour to match your surroundings (Stealth+).
Your rubbery body absorbs attacks. (AC +1, EV +1)
((You are camouflaged when in or above water. (Stealth+)))
You have tentacles for arms and can constrict up to eight enemies at once.


Message History

You reach down and open the door.
There is an open door here.
You reach down and open the door.
Found a falchion.
There is an open door here.
You see here a +0 falchion.
You reach down and open the door.
There is an open door here.
A cyclops comes into view.
The cyclops throws a large rock.
The large rock closely misses you.
Casting: Searing Ray (safe; 1% risk of failure)
Confirm with . or Enter, or press ? or * to list all spells.
Aiming: Searing Ray (safe; 1% risk of failure)
Press: ? - help, Shift-Dir - straight line, f - cyclops
Aim: a cyclops, quivering large rocks (98% to hit)
The searing ray hits the cyclops.
The cyclops is lightly wounded. (Press . to maintain the ray.)
The searing ray hits the cyclops.
The cyclops is lightly wounded.
The searing ray hits the cyclops.
The cyclops is moderately wounded.
The searing ray hits the cyclops.
The cyclops is moderately wounded.
You finish channelling your searing ray.
The cyclops hits you!!
Ouch! That really hurt!
Casting: Searing Ray (safe; 1% risk of failure)
Confirm with . or Enter, or press ? or * to list all spells.
Aiming: Searing Ray (safe; 1% risk of failure)
Press: ? - help, Shift-Dir - straight line, f/p - cyclops
Aim: a cyclops, quivering large rocks (moderately wounded, 98% to hit)
The searing ray hits the cyclops.
The cyclops is heavily wounded. (Press . to maintain the ray.)
The searing ray hits the cyclops.
The cyclops is heavily wounded.
The cyclops hits you!!
Ouch! That really hurt!
You die...

#.............
#....
#...########..
#....
#...##....##..
#....
#.............
#....
#.............
#....
#.............
#....
#.........##+#
#...^
#.........#
#..@.........
#..C..........
#.............
#.........##..
#.........# +#
#...........
#...........
#..........


You could see a cyclops.

Vanquished Creatures
  2 water moccasins
  An ice beast (D:6)
  A black bear (D:4)
  A hornet zombie (D:6)
  4 centaurs
  3 phantoms
  A bullfrog (D:6)
  A kobold brigand (D:5)
  2 necrophages (D:6)
  A wyvern zombie (D:6)
  2 scorpions
  2 wights
  A killer bee (D:7)
  2 bullfrog zombies (D:6)
  2 centaur zombies (D:6)
  5 hounds
  A human zombie (D:6)
  2 sleepcaps (D:4)
  2 iguanas
  2 orc wizards (D:6)
  Ijyb (D:5)
  2 mummies (D:6)
  2 gnolls (D:4)
  A river rat (D:3)
  7 adders
  2 shadow imps
  A white imp (D:6)
  An ufetubus (D:6)
  2 worms (D:2)
  3 dart slugs
  5 orcs
  2 bats
  5 endoplasms
  A giant cockroach (D:2)
  3 goblins
  6 hobgoblins
  6 jackals
  11 kobolds
  8 quokkas
  4 ball pythons
  A frilled lizard (D:2)
  6 rats
118 creatures vanquished.

Notes
Turn   | Place    | Note
-------+----------+-------------------------------------------
     0 | D:1      | HagarQim the Octopode Conjurer began the quest for the Orb.
     0 | D:1      | Reached XP level 1. HP: 11/11 MP: 3/3
   166 | D:1      | Reached XP level 2. HP: 13/17 MP: 5/5
   185 | D:1      | Learned a level 2 spell: Searing Ray
  1332 | D:2      | Reached XP level 3. HP: 21/21 MP: 1/6
  2162 | D:3      | Found a snail-covered altar of Cheibriados.
  2275 | D:3      | Found a glowing drain.
  2286 | D:3      | Reached XP level 4. HP: 27/27 MP: 4/7
  2288 | Sewer    | Entered a sewer
  2403 | Sewer    | Noticed a water moccasin
  2412 | Sewer    | Killed a water moccasin
  2413 | Sewer    | Reached skill level 1 in Short Blades
  2413 | Sewer    | Reached XP level 5. HP: 16/32 MP: 0/9
  2775 | D:3      | Found a bloodstained altar of Trog.
  2883 | D:3      | Reached skill level 5 in Conjurations
  3032 | D:3      | Learned a level 4 spell: Iskenderun's Mystic Blast
  3398 | D:4      | Noticed a phantom
  3427 | D:4      | Killed a phantom
  3428 | D:4      | Reached skill level 1 in Fighting
  3428 | D:4      | Reached XP level 6. HP: 18/38 MP: 5/10
  3523 | D:4      | Found a burning altar of Makhleb.
  3541 | D:4      | Reached skill level 5 in Stealth
  3541 | D:4      | Reached skill level 1 in Translocations
  4054 | D:4      | Reached skill level 1 in Maces & Flails
  4218 | D:4      | Found a glowing silver altar of Zin.
  4297 | D:4      | Found a shimmering altar of Xom.
  4298 | D:4      | Noticed a black bear
  4308 | D:4      | Killed a black bear
  4309 | D:4      | Reached XP level 7. HP: 44/44 MP: 2/12
  4551 | D:4      | Found a broken altar of Ashenzari.
  4733 | D:4      | You are sucked into a shaft and drop 1 floor!
  4733 | D:5      | Entered Level 5 of the Dungeon
  4733 | D:5      | Found a shadowy altar of Dithmenos.
  4743 | D:5      | Noticed Ijyb
  4757 | D:5      | Killed Ijyb
  5455 | D:5      | Reached skill level 6 in Conjurations
  5587 | D:5      | Reached XP level 8. HP: 51/51 MP: 7/14
  5782 | D:5      | Found a radiant altar of Vehumet.
  5992 | D:5      | Found a runed translucent door.
  5993 | D:5      | Noticed Crazy Yiuf
  6123 | D:6      | Reached skill level 1 in Transmutations
  7015 | D:6      | Reached skill level 5 in Spellcasting
  7015 | D:6      | Reached skill level 1 in Ice Magic
  7320 | D:6      | Reached skill level 7 in Conjurations
  7320 | D:6      | Reached XP level 9. HP: 32/58 MP: 7/16
  7573 | D:6      | Reached skill level 1 in Long Blades
  7802 | D:6      | Found an ancient bone altar of Kikubaaqudgha.
  7898 | D:7      | Identified the +9 short sword "Cyrap" {elec, rF+ Str+3}
  7996 | D:7      | Found a staircase to the Ecumenical Temple.
  8007 | Temple   | Entered the Ecumenical Temple
  8104 | Temple   | Became a worshipper of the Shining One
  8464 | D:7      | Noticed a cyclops
  8473 | D:7      | Mangled by a cyclops

Illustrated notes

Levels and vault maps discovered:
D:1:      dpeg_arrival_houses_and_road, layout_basic
D:2:      layout_basic
D:3:      layout_basic, mainiacjoe_overflow_small_starburst,
          nicolae_overflow_hidden_temple, cheibrodos_sewer_entry_sluice
D:4:      layout_loops_ring, mainiacjoe_overflow_alcove_4,
          general_overflow_altar, brannock_xom_greatest_gift, zin_academy,
          overflow_temple_1_default, serial_shops, shop, grunt_ministairs_9,
          hellmonk_no_cap
D:5:      nicolae_BIG_FREAKIN_CUBE, layout_basic, kennysheep_mini,
          nicolae_dithmenos_shadow_blocks, hangedman_decor_clover_reticule,
          solitary_fountain, minmay_misc_feat_room, minmay_misc_feat_pillars,
          uniq_crazy_yiuf_cottage, uniq_ijyb
D:6:      layout_loops_cross, lemuel_mausoleum_altar_kikubaaqudgha,
          minmay_quadrilaterals
D:7:      layout_gridville, minmay_temple_entry_butterflies, st_stairs_11
Temple:   nicolae_temple_two_arcs

Skill      XL: |  1  2  3  4  5  6  7  8  9 |
---------------+----------------------------+-----
Stealth        | 3 4 5 6 |  6.5
Short Blades   | 1 |  1.3
Conjurations   | 5 6 7 |  7.2
Fighting       | 1 2 4 |  4.4
Spellcasting   | 3 4 5 |  5.3
Translocations | 1 2 |  2.1
Maces & Flails | 1 2 |  2.2
Transmutations | 2 |  2.0
Dodging        | 3 |  3.6
Ice Magic      | 1 2 |  2.7
Long Blades    | 1 |  1.7
Polearms       | |  0.1
Throwing       | |  0.3

Action                     |  1- 3 |  4- 6 |  7- 9 || total
---------------------------+-------+-------+-------++-------
  Melee: Unarmed           |    26 |       |       ||    26
         Constrict         |    14 |     4 |    11 ||    29
         Tentacles         |    11 |     3 |    27 ||    41
         Dagger            |    22 |       |       ||    22
         Trident           |     6 |       |       ||     6
         Whip              |     4 |    21 |    21 ||    46
         Falchion          |       |       |    59 ||    59
         Punch             |       |       |     1 ||     1
  Throw: Dart              |     3 |       |       ||     3
   Cast: Magic Dart        |    25 |    37 |    78 ||   140
         Searing Ray       |     4 |    15 |    36 ||    55
    Use: Scroll            |     1 |     6 |     7 ||    14
         Potion            |       |     2 |     1 ||     3
   Stab: Sleeping          |     7 |     2 |     7 ||    16
 Armour: Skin              |     2 |     1 |    19 ||    22
  Dodge: Dodged            |    30 |    23 |   140 ||   193
